 Dungeon Crawl Stone Soup version 0.20.1-1-g8b1a95d (webtiles) character file.

172 Lanoc the Sneak (level 5, 0/73 HPs)
             Began as a Naga Assassin on Dec 1, 2017.
             Slain by a giant cockroach (1 damage)
             ... on level 3 of the Dungeon.
             The game lasted 00:08:43 (1976 turns).

Lanoc the Sneak (Naga Assassin)                     Turns: 1976, Time: 00:08:43

Health: 0/73       AC:  5    Str: 20    XL:     5   Next: 53%
Magic:  5/5        EV: 10    Int: 11    God:
Gold:   174        SH:  0    Dex: 12    Spells: 4/4 levels left

rFire    . . .     SeeInvis +   a - +2 dagger
rCold    . . .     Gourm    .   (no shield)
rNeg     . . .     Faith    .   c - +0 robe
rPois    +         Spirit   .   k - +0 helmet (curse)
rElec    .         Reflect  .   d - +1 cloak
rCorr    .         Harm     .   (no gloves)
MR       .....                  (no barding)
Stlth    ..........             (no amulet)
Regen    0.3/turn               (no ring)
MPRegen  0.1/turn               (no ring)

@: berserking, short of breath, quick
A: see invisible, deformed body, poison resistance, slowness 2, slow metabolism
1, spit poison 1, AC +1
a: Spit Poison


You were on level 3 of the Dungeon.
You were not hungry.

You visited 1 branch of the dungeon, and saw 3 of its levels.

You collected 174 gold pieces.

Inventory:

Hand Weapons
 a - a +2 dagger (weapon)
 b - a +0 blowgun
Missiles
 e - 20 poisoned needles
 f - 2 curare-tipped needles
Armour
 c - a +0 robe (worn)
 d - a +1 cloak (worn)
 k - a cursed +0 helmet (worn)
Wands
 t - a wand of iceblast (10/15)
Scrolls
 i - 2 scrolls of immolation
 m - 6 scrolls of teleportation
 q - a scroll of magic mapping
 x - a scroll of fear {unknown}
Potions
 h - 2 potions of curing {unknown}
 j - 2 potions of mutation {unknown}
 l - 2 potions of berserk rage
 o - a potion of might {unknown}
 p - 2 potions of ambrosia {unknown}
 r - a potion of brilliance {unknown}
 w - 2 potions of haste {unknown}
Comestibles
 g - 3 bread rations
 n - a royal jelly
 s - a fruit
 u - 2 meat rations
 v - a chunk of flesh


   Skills:
 + Level 3.0 Fighting
 + Level 2.8 Short Blades
 - Level 1.7 Throwing
 + Level 2.2 Dodging
 * Level 7.7 Stealth


You had 4 spell levels left.
You didn't know any spells.

Dungeon Overview and Level Annotations

Branches:
Dungeon (3/15)

Altars:
Ru


Innate Abilities, Weirdness & Mutations

You cannot wear boots.
Your serpentine skin is tough. (AC +1)
You have supernaturally acute eyesight. (SInv)
Armour fits poorly on your strangely shaped body.
Your system is resistant to poisons. (rPois)
You cover ground very slowly.
You have a slow metabolism.
You can spit poison.


Message History

* * * LOW HITPOINT WARNING * * *
You hit the gnoll.
The gnoll is severely wounded.
You have got your breath back.
The gnoll hits you with a whip.
* * * LOW HITPOINT WARNING * * *
Press: ? - help, Shift-Dir - straight line, f/p - gnoll
Aim: a gnoll, wielding a whip (severely wounded)
The splash of poison hits the gnoll.
The gnoll is poisoned.
The gnoll is almost dead.
You feel slightly more hungry. The gnoll hits you with a whip!
* * * LOW HITPOINT WARNING * * *
You hit the gnoll.
You kill the gnoll!
Your Fighting skill increases to level 3!
It was a potion of berserk rage.
A red film seems to cover your vision as you go berserk!
You feel yourself moving faster!
You feel mighty! The giant cockroach bites you.
You die...

*,* #,*.##.....## #..#
*,* #).*........# #..#
*,****#.###...#.#.#
#..#
*,,,,,,..###..#.#.#
#..#
*****,**#.#..##.#.#
#..# #,**
*#.#.##.#.####..# #.*
#.#.#..........# #.#*
##.#............#
*#.###@###...#########
##..)s####...#
#...?>..##...#
**##......<##...#
#.......?.>##...#
#..........(#...#
#.##........#...#
#,##........#...#
*,..............#


You could see a giant cockroach.

Vanquished Creatures
  4 gnolls (D:3)
  5 adders
  2 worms (D:2)
  5 dart slugs
  2 ball pythons
  12 bats
  5 giant cockroaches
  10 goblins
  12 hobgoblins
  8 kobolds
  A quokka (D:2)
  2 frilled lizards (D:2)
  4 rats
72 creatures vanquished.

Notes
Turn   | Place    | Note
-------+----------+-------------------------------------------
     0 | D:1      | Lanoc the Naga Assassin began the quest for the Orb.
     0 | D:1      | Reached XP level 1. HP: 19/19 MP: 1/1
    70 | D:1      | Reached skill level 6 in Stealth
    83 | D:1      | Reached skill level 1 in Dodging
   163 | D:1      | Reached XP level 2. HP: 20/26 MP: 2/2
   612 | D:2      | Reached XP level 3. HP: 27/33 MP: 3/3
   901 | D:2      | Reached XP level 4. HP: 26/40 MP: 4/4
  1267 | D:3      | Reached skill level 7 in Stealth
  1395 | D:3      | Found a sacrificial altar of Ru.
  1713 | D:3      | Reached XP level 5. HP: 46/46 MP: 5/5
  1974 | D:3      | HP: 1/48 [gnoll/whip (7)]
  1976 | D:3      | Slain by a giant cockroach

Skill      XL: |  1  2  3  4  5 |
---------------+----------------+-----
Stealth        | 6 7 |  7.7
Dodging        | 1 2 |  2.2
Fighting       | 3 |  3.0
Short Blades   | |  2.8
Throwing       | |  1.7

Action                   |  1- 3 |  4- 6 || total
-------------------------+-------+-------++-------
Melee: Dagger            |    96 |   101 ||   197
 Abil: Spit Poison       |    15 |    26 ||    41
  Use: Scroll            |       |     4 ||     4
       Potion            |       |     1 ||     1
 Stab: Sleeping          |     6 |     8 ||    14
  Eat: Chunk             |     1 |     4 ||     5
Armor: Robe              |    19 |    44 ||    63
Dodge: Dodged            |    45 |    62 ||   107
